[Event "Early-Titled-Tuesday-Blitz-September-05-2023"]
[Site "Chess.com"]
[Date "2023.09.05"]
[Round "1"]
[White "artin10862"]
[Black "Caterpiller35"]
[Result "1-0"]
[WhiteElo "2982"]
[BlackElo "2520"]
[TimeControl "180+1"]
[EndTime "8:05:11 PDT"]
[Termination "artin10862 won by checkmate"]

1. e4 c5 2. Nf3 Nc6 3. Bb5 g6 4.
O-O Bg7 5. Re1 Nf6 6. c3 O-O 7. d4 d5 8. e5 Ne4 9. Bxc6 bxc6 10.
Nbd2 Bf5 11. Nb3 c4 12. Nbd2 c5 13. Nf1 Rb8 14. Ng3 cxd4 15. Nxd4 Nxg3 16. hxg3 Bd7 17. Qe2 Qb6 18. b4 a5 19. a3 axb4 20. axb4 Ra8 21. Bf4 Bc6 22. Qe3 Rxa1 23. Rxa1 Ra8 24. Rxa8+ Bxa8 25. Bh6 Bh8 26. Nf5 Qb7 27. Qb6 Bxe5 28. Qd8# 1-0

[Event "Early-Titled-Tuesday-Blitz-September-05-2023"]
[Site "Chess.com"]
[Date "2023.09.05"]
[Round "1"]
[White "ExchangeAB"]
[Black "mitrabhaa"]
[Result "0-1"]
[WhiteElo "2452"]
[BlackElo "2819"]
[TimeControl "180+1"]
[EndTime "8:05:11 PDT"]
[Termination "mitrabhaa won by resignation"]

1. d4 c5 2. e3 Nf6 3. Nf3 g6 4.
c3 Bg7 5. Nbd2 O-O 6. dxc5 Qc7 7. Nb3 a5 8. a4 Na6 9. Bxa6 bxa6 10. O-O Ne4 11.
Nfd4 Bb7 12. f3 Nxc5 13. Nxc5 Qxc5 14. Qe2 d6 15. Kh1 Bd5 16. Re1 Bc4 17. Qc2 e5 18. Ne2 Rab8 19. Ng3 f5 20. e4 f4 21. Nf1 g5 22. h3 h5 23. Nh2 Bf6 24. b4 axb4 25. cxb4 Qxb4 26. Ba3 Qb3 27. Qxb3 Rxb3 28. Bxd6 Rd8 29.
Bc7 Rd7 30. Ba5 Kf7 31. Rab1 Be7 32. Nf1 Ra3 33. Nd2 Be6 34. Ra1 Rad3 35. Nb1 g4 36.
hxg4 hxg4 37. Rf1 g3 38. Bb6 Kg6 39. Kg1 Bb4 40. a5 R3d6 41. Rc1 Rd1+ 0-1

[Event "Early-Titled-Tuesday-Blitz-September-05-2023"]
[Site "Chess.com"]
[Date "2023.09.05"]
[Round "1"]
[White "fastestmindalive"]
[Black "AlphaPerseii"]
[Result "1/2-1/2"]
[WhiteElo "2719"]
[BlackElo "2422"]
[TimeControl "180+1"]
[EndTime "8:05:12 PDT"]
[Termination "Game drawn by repetition"]

1. e4 c5 2. Nc3 Nc6 3. Nge2 Nf6 4.
d4 cxd4 5. Nxd4 e5 6. Ndb5 d6 7.
Bg5 a6 8. Bxf6 gxf6 9. Na3 b5 10. Nd5 Bg7 11. c3 f5 12. Bd3 Be6 13. Nxb5 axb5 14.
Bxb5 Rc8 15. Nb4 Qb6 16. Bxc6+ Rxc6 17. Nxc6 Qxc6 18. O-O fxe4 19. a4 Rg8 20. a5 Bh6 21.
Qa4 Kd7 22. a6 Bh3 23. Rfe1 Bxg2 24. a7 Bh3+ 25. Kh1 Bg2+ 26. Kg1 Qxa4 27. Rxa4 Bh3+ 28. Kh1 Bg2+ 29. Kg1 Bh3+ 30. Kh1 Bg2+ 31. Kg1 1/2-1/2

[Event "Early-Titled-Tuesday-Blitz-September-05-2023"]
[Site "Chess.com"]
[Date "2023.09.05"]
[Round "1"]
[White "Kapibara_Warri0r"]
[Black "Druid24"]
[Result "1-0"]
[WhiteElo "2434"]
[BlackElo "2656"]
[TimeControl "180+1"]
[EndTime "8:05:12 PDT"]
[Termination "Kapibara_Warri0r won by checkmate"]

1. e4 c5 2. Nc3 Nc6 3. Nge2 g6 4.
d3 Bg7 5. g3 e6 6. Bg2 Nge7 7.
O-O O-O 8. f4 d5 9. e5 f6 10.
exf6 Bxf6 11. Kh1 Rb8 12. a4 b6 13. Bd2 Bb7 14. g4 Nb4 15. Ng3 Bg7 16. Rc1 Qd7 17. Qe2 Rbe8 18. Rfe1 Nec6 19. Nb5 a6 20. c3 axb5 21.
axb5 Nd4 22. cxd4 Qxb5 23. dxc5 bxc5 24. d4 Qxe2 25. Rxe2 Nd3 26. Rc3 cxd4 27. Rxd3 Ba6 28. Ra3 Bxe2 29. Nxe2 Rc8 30. Bf3 Rc2 31. Rd3 e5 32.
fxe5 Rxf3 33. Rxf3 Rxd2 34. Nf4 Bxe5 35. Ne6 Rxh2+ 36.
Kg1 Rxb2 37. Rf8# 1-0

[Event "Early-Titled-Tuesday-Blitz-September-05-2023"]
[Site "Chess.com"]
[Date "2023.09.05"]
[Round "1"]
[White "KorolDimitriy75"]
[Black "GoltsevDmitry2000"]
[Result "0-1"]
[WhiteElo "2333"]
[BlackElo "2640"]
[TimeControl "180+1"]
[EndTime "8:05:12 PDT"]
[Termination "GoltsevDmitry2000 won by resignation"]

1. d4 e6 2. c4 b6 3. Nc3 Bb7 4. Qc2 Nf6 5. e4 Bb4 6. e5 Ne4 7. Nf3 Nxc3 8. bxc3 Be7 9. Be2 d6 10. O-O Nd7 11. exd6 cxd6 12. a4 O-O 13. a5 bxa5 14.
Qa4 Qc7 15. Qxa5 Nb6 16. Be3 Rac8 17. Nd2 f5 18. f4 h6 19. h3 g5 20. Kh2 Kh7 21.
Rfb1 Rg8 22. Qxa7 gxf4 23. Bxf4 Rxg2+ 0-1

[Event "Early-Titled-Tuesday-Blitz-September-05-2023"]
[Site "Chess.com"]
[Date "2023.09.05"]
[Round "1"]
[White "Andrei_Belozerov"]
[Black "crazy_m_attack"]
[Result "0-1"]
[WhiteElo "2620"]
[BlackElo "2348"]
[TimeControl "180+1"]
[EndTime "8:05:14 PDT"]
[Termination "crazy_m_attack won by resignation"]

1. d4 Nf6 2. c4 e6 3. g3 d5 4. Nf3 dxc4 5. Bg2 a6 6. O-O Nc6 7. e3 Bd7 8. Qe2 Bd6 9. Qxc4 Qe7 10. Nc3 h6 11. Rd1 O-O 12. Bd2 e5 13. d5 b5 14. Qe2 Na5 15. e4 b4 16. Nb1 Bb5 17.
Qe1 Nc4 18. Bc1 Bc5 19. Nbd2 Ng4 20. Nxc4 Bxf2+ 21. Qxf2 Nxf2 22. Kxf2 Bxc4 23. b3 Bb5 24. Bb2 f5 25. Kg1 Be2 26. Re1 Bxf3 27. Bxf3 Qc5+ 28.
Kh1 Qf2 0-1

[Event "Early-Titled-Tuesday-Blitz-September-05-2023"]
[Site "Chess.com"]
[Date "2023.09.05"]
[Round "1"]
[White "Ali_rastbod"]
[Black "andrzej"]
[Result "1-0"]
[WhiteElo "2668"]
[BlackElo "2369"]
[TimeControl "180+1"]
[EndTime "8:05:15 PDT"]
[Termination "Ali_rastbod won by resignation"]

1. e4 e5 2. Nf3 Nf6 3. Nc3 Bb4 4. Bd3 d6 5. a3 Ba5 6. b4 Bb6 7. Na4 O-O 8. O-O Re8 9. Re1 Nc6 10. Nxb6 axb6 11.
Bb2 Ne7 12. Bf1 Ng6 13. g3 h6 14. Bg2 Nh7 15. d4 Qe7 16. Qd3 Ng5 17. Nxg5 hxg5 18. c3 Bd7 19. Bc1 Nf8 20. Bd2 Ne6 21. d5 Nf8 22. c4 g6 23. Be3 Kg7 24. c5 bxc5 25.
bxc5 dxc5 26. Rac1 b6 27. Red1 Ba4 28. Rd2 Red8 29. f4 gxf4 30. gxf4 exf4 31. Bxf4 f6 32. Qg3 Rd7 33. e5 fxe5 34. Bxe5+ Kg8 35. d6 cxd6 36. Bd5+ Ne6 37. Qxg6+ Kf8 38. Rf2+ 1-0

[Event "Early-Titled-Tuesday-Blitz-September-05-2023"]
[Site "Chess.com"]
[Date "2023.09.05"]
[Round "1"]
[White "spotbet"]
[Black "Aureliano-Buendia"]
[Result "0-1"]
[WhiteElo "2344"]
[BlackElo "2653"]
[TimeControl "180+1"]
[EndTime "8:05:15 PDT"]
[Termination "Aureliano-Buendia won by resignation"]

1. e4 c5 2. Nf3 d6 3. d4 cxd4 4. Bb5+ Nc6 5. Nxd4 Bd7 6. Bxc6 bxc6 7. O-O Nf6 8. Re1 c5 9. Nf3 e5 10. h3 Be7 11. Bg5 Be6 12. Bxf6 Bxf6 13. Nc3 Rb8 14. b3 O-O 15. Nd5 Bxd5 16. Qxd5 Be7 17. Nd2 Kh8 18. Nc4 Qc7 19. Rad1 Rbd8 20. a4 f5 21. f3 Rf6 22.
exf5 Rxf5 23. Re4 h6 24. Ne3 Rg5 25. Qc4 Rf8 26. Nd5 Qd8 27. Qa6 Rxf3 28. Qxa7 Bf8 29. Kh1 Rfg3 30. Rd2 Qc8 31. Kh2 Qf5 32. Ree2 Kg8 33.
Ne3 Qf4 34. Kh1 Rxe3 35. Rf2 Re1+ 0-1

[Event "Early-Titled-Tuesday-Blitz-September-05-2023"]
[Site "Chess.com"]
[Date "2023.09.05"]
[Round "1"]
[White "DrDreBeats"]
[Black "FairChess_on_YouTube"]
[Result "0-1"]
[WhiteElo "2533"]
[BlackElo "3055"]
[TimeControl "180+1"]
[EndTime "8:05:20 PDT"]
[Termination "FairChess_on_YouTube won by resignation"]

1. e4 c5 2. Nf3 e6 3. d4 cxd4 4. Bg5 Qc7 5. c3 dxc3 6. Nxc3 a6 7. Rc1 Nc6 8. Be2 Be7 9. O-O Bxg5 10. Nxg5 Nf6 11.
Nd5 exd5 12. exd5 O-O 13. dxc6 dxc6 14. Bc4 h6 15. Nxf7 Rxf7 16. Qb3 Bf5 17. Rfe1 Rf8 18. Bxf7+ Qxf7 19. Qb6 Nd5 20. Qc5 Nf4 21. Re7 Qg6 22.
g3 Nh3+ 23. Kg2 Ng5 24. Qc4+ Be6 25. Qc3 Bd5+ 26. Kg1 Nf3+ 27. Kg2 Ne5+ 28. Kg1 Qe4 29. Kf1 Qg2+ 30. Ke1 Qxf2+ 31. Kd1 Bf3+ 0-1

[Event "Early-Titled-Tuesday-Blitz-September-05-2023"]
[Site "Chess.com"]
[Date "2023.09.05"]
[Round "1"]
[White "H_E_D_G_E_H_O_G"]
[Black "Triumphmate"]
[Result "1-0"]
[WhiteElo "2052"]
[BlackElo "2541"]
[TimeControl "180+1"]
[EndTime "8:05:21 PDT"]
[Termination "H_E_D_G_E_H_O_G won by resignation"]

1. d4 d5 2. Nf3 e6 3. Bf4 f5 4. e3 Nf6 5. c4 Bd6 6. Nc3 O-O 7. Bd3 c6 8. c5 Bc7 9. O-O Nbd7 10. b4 a5 11. b5 Ne4 12. Qc2 Bxf4 13. exf4 Qc7 14. g3 b6 15. bxc6 Qxc6 16. Bb5 Qc7 17.
c6 Nb8 18. Nxe4 fxe4 19. Ne5 Ba6 20. a4 Rc8 21. Rac1 Ra7 22. f3 exf3 23. Rxf3 Qe7 24. f5 Rac7 25. Qf2 h6 26. f6 gxf6 27. Rxf6 Kg7 28. Rf1 Qb4 29. Rf7+ Kg8 30. Qf4 1-0

[Event "Early-Titled-Tuesday-Blitz-September-05-2023"]
[Site "Chess.com"]
[Date "2023.09.05"]
[Round "1"]
[White "Vesper2018"]
[Black "HeinichessPY"]
[Result "1-0"]
[WhiteElo "2588"]
[BlackElo "2204"]
[TimeControl "180+1"]
[EndTime "8:05:22 PDT"]
[Termination "Vesper2018 won by checkmate"]

1. e4 c5 2. Nc3 Nc6 3. Bb5 Nd4 4. Bc4 e6 5. Nge2 Ne7 6. O-O d5 7. exd5 exd5 8. Nxd5 Nxd5 9. Nxd4 cxd4 10. Qh5 Be6 11. Re1 Nf4 12. Bb5+ Ke7 13. Qg5+ f6 14. Qxf4 Qd6 15.
Qe4 Kf7 16. d3 Be7 17. Bf4 Qb6 18. Bc4 Bxc4 19. Qxe7+ Kg6 20. dxc4 Qxb2 21. Qe4+ Kf7 22. Rad1 Rhe8 23. Qxh7 Rxe1+ 24. Rxe1 Re8 25. Qh5+ g6 26. Qh7+ Kf8 27. Bh6# 1-0

[Event "Early-Titled-Tuesday-Blitz-September-05-2023"]
[Site "Chess.com"]
[Date "2023.09.05"]
[Round "1"]
[White "korbul"]
[Black "ElenaPershina"]
[Result "1-0"]
[WhiteElo "2644"]
[BlackElo "2338"]
[TimeControl "180+1"]
[EndTime "8:05:25 PDT"]
[Termination "korbul won on time"]

1. e4 c5 2. Nf3 e6 3. c3 d5 4. exd5 Qxd5 5. d4 Nf6 6. Be3 cxd4 7. cxd4 Nc6 8. Nc3 Bb4 9. Bd3 O-O 10. O-O Bxc3 11. bxc3 b6 12. Qc2 Bb7 13. Bg5 Rac8 14. Bxf6 gxf6 15. Bxh7+ Kg7 16. Be4 Qh5 17. Qd2 Rh8 18.
Rac1 Rcd8 19. Qf4 f5 20. Bd3 Ne7 21. Qe5+ Kf8 22. Be2 Ng6 23. Qf6 Bxf3 24. Qxd8+ Kg7 25. Qxh8+ Nxh8 26. Bxf3 Qh4 27. Rfd1 Ng6 28. c4 Nf4 29. c5 bxc5 30. dxc5 Qg5 31. c6 Nh3+ 32. Kf1 Nf4 33. c7 1-0

[Event "Early-Titled-Tuesday-Blitz-September-05-2023"]
[Site "Chess.com"]
[Date "2023.09.05"]
[Round "1"]
[White "santosalberto1987"]
[Black "GMWSO"]
[Result "0-1"]
[WhiteElo "2542"]
[BlackElo "3075"]
[TimeControl "180+1"]
[EndTime "8:05:26 PDT"]
[Termination "GMWSO won by resignation"]

1. e4 d6 2. d4 Nf6 3. Nc3 g6 4. Be3 a6 5. Nf3 b5 6. Bd3 Bb7 7. d5 Bg7 8. Nd4 O-O 9. f3 c5 10. dxc6 Nxc6 11. Nxc6 Bxc6 12. Qd2 d5 13. e5 d4 14. exf6 dxe3 15. Qxe3 Bxf6 16. O-O-O Qa5 17. Be4 Bxe4 18. fxe4 b4 19. Nd5 Qxa2 20. Nxf6+ exf6 21. Qb3 Qa1+ 22. Kd2 Rad8+ 23. Ke2 Qa5 24. Rd5 Rxd5 25. Qxd5 Qc7 26. Qb3 Re8 27. Kf3 a5 28. h3 Qc6 29. Re1 f5 30. Qd3 a4 0-1

[Event "Early-Titled-Tuesday-Blitz-September-05-2023"]
[Site "Chess.com"]
[Date "2023.09.05"]
[Round "1"]
[White "Jospem"]
[Black "koncheto"]
[Result "1-0"]
[WhiteElo "3048"]
[BlackElo "2530"]
[TimeControl "180+1"]
[EndTime "8:05:28 PDT"]
[Termination "Jospem won by resignation"]

1. e4 c5 2. Nf3 d6 3. c3 Nf6 4. h3 g6 5. Bd3 Bg7 6. Bc2 O-O 7. d4 cxd4 8. cxd4 Nc6 9. O-O a6 10.
Nc3 Bd7 11. Re1 Rc8 12. a3 b5 13. Bf4 Na5 14. Bd3 Ne8 15. Qe2 Nb3 16. Rad1 Nxd4 17.
Nxd4 Bxd4 18. e5 dxe5 19. Bxe5 Bxe5 20. Qxe5 e6 21. Bb1 Qe7 22. Nd5 Qd8 23. Ne3 Qe7 24.
b4 Bc6 25. Ng4 h5 26. Nh6+ Kh7 27. Qxh5 Ng7 28. Nf5+ Nxh5 29. Nxe7 Rc7 30. Rc1 1-0

[Event "Early-Titled-Tuesday-Blitz-September-05-2023"]
[Site "Chess.com"]
[Date "2023.09.05"]
[Round "1"]
[White "marcodobrikov"]
[Black "Larina_Maria"]
[Result "1-0"]
[WhiteElo "2587"]
[BlackElo "2201"]
[TimeControl "180+1"]
[EndTime "8:05:30 PDT"]
[Termination "marcodobrikov won by resignation"]

1. c3 f5 2. h4 Nf6 3. h5 e5 4. d4 e4 5. h6 g6 6. Bg5 Be7 7. e3 d5 8. c4 c6 9. Nc3 Be6 10. Nh3 Bf7 11. Nf4 Nbd7 12. cxd5 cxd5 13. Bb5 O-O 14. Qb3 Nb6 15. Be2 Rc8 16. Rc1 Nc4 17.
Bxc4 dxc4 18. Qxb7 Rb8 19. Qxa7 Rxb2 20. O-O Re8 21. a4 Ng4 22. Bxe7 Rxe7 23. Qc5 Qc7 24. a5 Nxh6 25. Rb1 Ra2 26. Ra1 Rxa1 27. Rxa1 Qa7 28. a6 Ng4 29. Qxa7 Rxa7 30. Nb5 Ra8 31. a7 Nf6 32. Nc7 1-0

[Event "Early-Titled-Tuesday-Blitz-September-05-2023"]
[Site "Chess.com"]
[Date "2023.09.05"]
[Round "1"]
[White "The_Machine04"]
[Black "KatakuriDono"]
[Result "0-1"]
[WhiteElo "2614"]
[BlackElo "2325"]
[TimeControl "180+1"]
[EndTime "8:05:34 PDT"]
[Termination "KatakuriDono won by checkmate"]

1. d4 d5 2. Nf3 Nf6 3. e3 g6 4. Nbd2 Bg7 5. b4 O-O 6. c4 c6 7. a4 a5 8. b5 c5 9. dxc5 Ne4 10.
Nxe4 dxe4 11. Nd4 Nd7 12. Ba3 Qc7 13. c6 bxc6 14. Nxc6 Bc3+ 15. Ke2 Ne5 16. Nxe7+ Kh8 17. f3 exf3+ 18. gxf3 Qxc4+ 19. Kf2 Qh4+ 20. Kg1 Bb7 21. Bg2 Qg5 22. Kf2 Rfd8 23. Qxd8+ Rxd8 24. Rad1 Nd3+ 25. Rxd3 Rxd3 26. Nc6 Rd2+ 27. Ke1 Qxe3+ 28. Kf1 Qf2# 0-1

[Event "Early-Titled-Tuesday-Blitz-September-05-2023"]
[Site "Chess.com"]
[Date "2023.09.05"]
[Round "1"]
[White "lacafi"]
[Black "JaloliddinIlkhomi"]
[Result "0-1"]
[WhiteElo "2200"]
[BlackElo "2584"]
[TimeControl "180+1"]
[EndTime "8:05:39 PDT"]
[Termination "JaloliddinIlkhomi won by resignation"]

1. d4 Nf6 2. Nf3 e6 3. e3 b6 4. Bd3 Bb7 5. Nbd2 d5 6. Qe2 Nbd7 7. e4 dxe4 8. Nxe4 Nxe4 9. Bxe4 Bxe4 10. Qxe4 Bd6 11.
O-O h6 12. Ne5 Bxe5 13. dxe5 O-O 14. c4 Qe7 15. b3 Nc5 16. Qe2 Rad8 17. Ba3 Rd7 18.
Rad1 Rfd8 19. Rxd7 Rxd7 20. Rd1 Rxd1+ 21. Qxd1 Qd7 22.
Qxd7 Nxd7 23. f4 f6 24. exf6 gxf6 25. Kf2 Kf7 26. Ke3 e5 27. g3 Ke6 28. Bb2 h5 29.
h3 Kf5 30. b4 exf4+ 31. gxf4 Nf8 32. Kf3 Ne6 33. Bc1 Nd4+ 34. Kf2 Ke4 35. c5 bxc5 36.
bxc5 f5 37. Bb2 Ne6 38. Be5 c6 39. Kg3 Nxc5 40. Kh4 Nd3 41. Kxh5 Nxe5 42. fxe5 Kxe5 43. Kg6 f4 44. h4 f3 45. h5 f2 46. h6 f1=Q 47. h7 Qf6+ 0-1

[Event "Early-Titled-Tuesday-Blitz-September-05-2023"]
[Site "Chess.com"]
[Date "2023.09.05"]
[Round "1"]
[White "Rakitic2010"]
[Black "SchmakAttack"]
[Result "0-1"]
[WhiteElo "2430"]
[BlackElo "2782"]
[TimeControl "180+1"]
[EndTime "8:05:43 PDT"]
[Termination "SchmakAttack won by resignation"]

1. e4 e5 2. Nf3 Nc6 3. Bb5 a6 4. Ba4 Nf6 5. O-O b5 6. Bb3 Bc5 7. c3 d6 8. h3 O-O 9. a4 Bb7 10. d4 Bb6 11. Re1 h6 12. Be3 Re8 13. d5 Na5 14.
Bxb6 cxb6 15. Bc2 bxa4 16. Nbd2 b5 17. Nf1 Nc4 18. b3 axb3 19. Bxb3 Rc8 20. Ng3 g6 21. Qc1 Kg7 22. Nh4 Kh7 23. Nf3 Nd7 24. Bxc4 Rxc4 25.
Nd2 Rc8 26. Rf1 Nb6 27. Kh2 Qg5 28. Qe1 Re7 29. Ne2 Nc4 30. g3 Qxd2 0-1

[Event "Early-Titled-Tuesday-Blitz-September-05-2023"]
[Site "Chess.com"]
[Date "2023.09.05"]
[Round "1"]
[White "Beca95"]
[Black "Zarinur"]
[Result "1-0"]
[WhiteElo "2985"]
[BlackElo "2521"]
[TimeControl "180+1"]
[EndTime "8:05:44 PDT"]
[Termination "Beca95 won by resignation"]

1. d4 Nf6 2. c4 e6 3. Nc3 Bb4 4. Qc2 d5 5. cxd5 Qxd5 6. e3 O-O 7. Bd2 Bxc3 8. bxc3 c5 9. Nf3 c4 10. Ne5 b5 11. a4 a6 12. f3 Bb7 13. e4 Qd8 14.
Bg5 h6 15. Bh4 Nc6 16. Be2 Rb8 17. Ng4 g5 18. Nxh6+ Kg7 19. Bxg5 Qd7 20. h4 b4 21. Rd1 b3 22. Qc1 Ne8 23. Ng4 Rh8 24. Bxc4 Na5 25. Bd3 Qxa4 26. Qf4 b2 27. Qxb8 Qb3 28. O-O Qxc3 29. Qe5+ Kh7 1-0

[Event "Early-Titled-Tuesday-Blitz-September-05-2023"]
[Site "Chess.com"]
[Date "2023.09.05"]
[Round "1"]
[White "BlueWizzard"]
[Black "Dixit_Nikhil"]
[Result "1-0"]
[WhiteElo "2905"]
[BlackElo "2488"]
[TimeControl "180+1"]
[EndTime "8:05:45 PDT"]
[Termination "BlueWizzard won by resignation"]

1. d4 Nf6 2. Nc3 d5 3. Nf3 g6 4.
g3 Bg7 5. Bg2 O-O 6. O-O c6 7.
Bf4 Bf5 8. h3 Nbd7 9. a4 Ne4 10.
Nh4 Nxc3 11. bxc3 Be6 12. a5 b5 13. Qd2 a6 14. Bh6 f6 15. Rfe1 f5 16. Bxg7 Kxg7 17.
Qe3 Bf7 18. g4 e6 19. Nf3 Qc7 20. Ne5 Nxe5 21. dxe5 Rh8 22. gxf5 gxf5 23. Qg5+ Bg6 24. Qf6+ Kg8 25. Qxe6+ Kg7 26. Qf6+ Kh6 27. f4 Rhf8 28. Qg5+ Kg7 29. Kh2 h6 30. Qh4 Qd8 31. Qf2 Kh7 32. Rg1 Qe7 33. Bf3 Rg8 34. Rg3 Rg7 35. Rag1 Rag8 36.
Qb6 Qh4 37. e3 Bf7 38. Rxg7+ Rxg7 39. Rxg7+ Kxg7 40. Qxc6 Qf2+ 41. Bg2 h5 42. Qf6+ Kg8 1-0

[Event "Early-Titled-Tuesday-Blitz-September-05-2023"]
[Site "Chess.com"]
[Date "2023.09.05"]
[Round "1"]
[White "Actuary44"]
[Black "FabianoCaruana"]
[Result "0-1"]
[WhiteElo "2546"]
[BlackElo "3106"]
[TimeControl "180+1"]
[EndTime "8:05:46 PDT"]
[Termination "FabianoCaruana won by resignation"]

1. e4 g6 2. d4 Bg7 3. Nc3 c6 4. Be3 b5 5. Qd2 b4 6. Nd1 a5 7. h4 h5 8. g4 hxg4 9. f3 gxf3 10. Nxf3 d6 11. Nf2 Nf6 12. O-O-O Nbd7 13. e5 Nd5 14. e6 fxe6 15. Bd3 Nf8 16. Rdg1 Ba6 17.
Bxg6+ Nxg6 18. Rxg6 Bf6 19. Rhg1 Kd7 20. Ne4 Kc7 21. Bg5 Kb6 22. Bxf6 exf6 23. c3 Rh7 24. cxb4 axb4 25. Kb1 Rha7 26. Rc1 Bb5 27. b3 Rxa2 28. Qxa2 Rxa2 29. Kxa2 Qa8+ 30. Kb1 Bd3+ 0-1

[Event "Early-Titled-Tuesday-Blitz-September-05-2023"]
[Site "Chess.com"]
[Date "2023.09.05"]
[Round "1"]
[White "alturas_pacificas"]
[Black "play1ngtheangel"]
[Result "0-1"]
[WhiteElo "2378"]
[BlackElo "2677"]
[TimeControl "180+1"]
[EndTime "8:05:46 PDT"]
[Termination "play1ngtheangel won by checkmate"]

1. d4 Nf6 2. Bf4 g6 3. e3 Bg7 4. Be2 O-O 5. Nf3 d6 6. O-O Nbd7 7. h3 c5 8. c3 b6 9. Nbd2 Bb7 10. Bh2 Re8 11.
a4 Qc7 12. Nc4 a6 13. Qb3 Bd5 14. Rfc1 Reb8 15. Qd1 b5 16. axb5 axb5 17. Na3 Bc6 18. Nxb5 Qb6 19. c4 Ne4 20. Rxa8 Rxa8 21. Ra1 Rxa1 22.
Qxa1 Bxb5 23. cxb5 cxd4 24. Qa8+ Qb8 25. Qxe4 Nc5 26.
Qc2 dxe3 27. fxe3 Qa7 28. Nd4 Ne6 29. Qc8+ Bf8 30. Nxe6 Qxe3+ 31. Kf1 fxe6 32. Bg1 Qe4 33. b6 Qb1+ 34. Kf2 Kf7 35. b7 Bg7 36. b8=Q Bd4+ 37. Kf3 Qf5+ 38. Kg3 Be5+ 39. Kh4 Qf6+ 40. Kg4 Qf4# 0-1

[Event "Early-Titled-Tuesday-Blitz-September-05-2023"]
[Site "Chess.com"]
[Date "2023.09.05"]
[Round "1"]
[White "GamayevOleg"]
[Black "FuenfgegenWilly"]
[Result "1-0"]
[WhiteElo "2624"]
[BlackElo "2303"]
[TimeControl "180+1"]
[EndTime "8:05:46 PDT"]
[Termination "GamayevOleg won by resignation"]

1. e4 e5 2. Nf3 Nc6 3. Bb5 a6 4. Ba4 d6 5. O-O Bd7 6. c3 Nf6 7. Re1 Be7 8. d4 O-O 9. Bc2 h6 10. h3 Re8 11. Nbd2 Bf8 12. Nf1 g6 13. d5 Ne7 14. g4 Bg7 15. Ng3 b5 16. Kh1 Nc8 17.
Be3 Nb6 18. b3 c6 19. Qd2 Rc8 20. Bxh6 cxd5 21. Bxg7 Kxg7 22. Nf5+ Bxf5 23. gxf5 Nxe4 24. Bxe4 dxe4 25. Rxe4 Qf6 26. Rg4 Qxf5 27. Nh4 Qh5 28. Rag1 Re6 29. Qd3 Rf6 30. Qg3 Rh8 31. Kh2 Kf8 32.
Ng2 Nd5 33. Rh4 Ne7 34. Rxh5 Rxh5 35. Ne3 Rf4 36. Rd1 d5 37. Nxd5 Nf5 38. Qg2 Rfh4 39. Nf6 Rh6 40. Nd7+ Kg7 41. Nxe5 Rh8 42. Ng4 Re8 43.
Rd3 Re2 44. Rf3 Nd6 45. Qg3 Nf5 46. Rxf5 gxf5 47. Qxh4 1-0

[Event "Early-Titled-Tuesday-Blitz-September-05-2023"]
[Site "Chess.com"]
[Date "2023.09.05"]
[Round "1"]
[White "qx4z"]
[Black "SHIVACalypso"]
[Result "1-0"]
[WhiteElo "2830"]
[BlackElo "2464"]
[TimeControl "180+1"]
[EndTime "8:05:49 PDT"]
[Termination "qx4z won by checkmate"]

1. d4 d5 2. Bf4 Nf6 3. e3 e6 4. Nf3 c5 5. Nbd2 Nc6 6. c3 Bd6 7. Bg3 Qc7 8. dxc5 Bxg3 9. hxg3 e5 10. Qc2 h6 11. e4 Be6 12. Bb5 O-O-O 13. Bxc6 bxc6 14. O-O d4 15. cxd4 exd4 16. Qa4 Rhe8 17.
Nxd4 Bg4 18. f3 Rxd4 19. Qxd4 Rd8 20. Qe3 Qxg3 21. Nc4 Be6 22. Qc3 Bxc4 23. Rfd1 Rxd1+ 24. Rxd1 Be6 25. Qa5 Qc7 26. Qa6+ Kb8 27. Rd4 Bc8 28. Qd3 Qf4 29. Qb3+ Bb7 30. Qc3 Kc7 31. Qa5+ Kc8 32. Rd8# 1-0

[Event "Early-Titled-Tuesday-Blitz-September-05-2023"]
[Site "Chess.com"]
[Date "2023.09.05"]
[Round "1"]
[White "GasconJR"]
[Black "rikchessmx"]
[Result "1-0"]
[WhiteElo "2690"]
[BlackElo "2393"]
[TimeControl "180+1"]
[EndTime "8:05:51 PDT"]
[Termination "GasconJR won by resignation"]

1. Nf3 d5 2. g3 c5 3. Bg2 Nc6 4. d4 c4 5. b3 e6 6. bxc4 dxc4 7. O-O Nf6 8. c3 Nd5 9. e4 Nxc3 10. Nxc3 Bb4 11. Bb2 Qa5 12. d5 Ne7 13. Qd4 Bd7 14. Ne5 O-O-O 15. Nxf7 exd5 16. Nxh8 Bc5 17. Qxg7 d4 18. Nf7 Rg8 19. Qe5 dxc3 20. Nd6+ Kb8 21. Nb5+ Ka8 22. Nc7+ Kb8 23. Na6+ Ka8 24. Qxc5 Qxc5 25.
Nxc5 cxb2 26. Rab1 c3 27. Nxd7 Rd8 28. Ne5 Rd2 29. f4 a5 30. f5 a4 31. a3 b5 32. f6 Ng6 33. Nxg6 hxg6 34. f7 Rd8 35. f8=Q Rxf8 36. Rxf8+ Ka7 37. Rf2 Kb6 38. Rfxb2 cxb2 39. Rxb2 Kc5 40. Bf1 b4 41. axb4+ 1-0

[Event "Early-Titled-Tuesday-Blitz-September-05-2023"]
[Site "Chess.com"]
[Date "2023.09.05"]
[Round "1"]
[White "hurricane7791"]
[Black "Yuruultei"]
[Result "1-0"]
[WhiteElo "2670"]
[BlackElo "2364"]
[TimeControl "180+1"]
[EndTime "8:05:51 PDT"]
[Termination "hurricane7791 won by checkmate"]

1. d4 Nf6 2. c4 g6 3. Nc3 Bg7 4. e4 d6 5. h3 O-O 6. Be3 Nbd7 7. g4 c5 8. d5 b5 9. cxb5 a6 10. bxa6 Bxa6 11. Bxa6 Rxa6 12. Nf3 Nb6 13. Qe2 Qa8 14. O-O Rb8 15. Bg5 Na4 16. Bc1 Nd7 17. Nxa4 Rxa4 18.
a3 Qb7 19. Rd1 Bxb2 20. Rb1 Qb3 21. Rxb2 Qc3 22. Rxb8+ Nxb8 23. e5 dxe5 24. Bb2 Qb3 25. Nxe5 c4 26. Nc6 Nxc6 27. dxc6 c3 28. Rd8+ Kg7 29. Qe5+ f6 30. Qxe7+ Kh6 31. Bc1+ g5 32.
Qxf6# 1-0

[Event "Early-Titled-Tuesday-Blitz-September-05-2023"]
[Site "Chess.com"]
[Date "2023.09.05"]
[Round "1"]
[White "SCIM"]
[Black "aranibos"]
[Result "1-0"]
[WhiteElo "2605"]
[BlackElo "2267"]
[TimeControl "180+1"]
[EndTime "8:05:53 PDT"]
[Termination "SCIM won by resignation"]

1. d4 d5 2. Nf3 c6 3. c4 Nf6 4. Qb3 e6 5. Nc3 Nbd7 6. Bg5 Be7 7.
e3 h6 8. Bh4 O-O 9. Be2 b6 10.
cxd5 exd5 11. O-O Bb7 12. Rfd1 Ne4 13. Bg3 Nxg3 14. hxg3 Bd6 15. e4 dxe4 16. Nxe4 Be7 17. Ne5 Nxe5 18. dxe5 Qc7 19. Nd6 Bxd6 20. Rxd6 c5 21.
Rad1 Rad8 22. Bc4 Rxd6 23. Rxd6 Kh8 24. Qd3 Re8 25. f3 g6 26. f4 Bc6 27. Bxf7 Qxf7 28.
Rxc6 Rg8 29. Rf6 Qxa2 30. Rxg6 Rxg6 31. Qxg6 Qxb2 32. Qxh6+ Kg8 33. Qg6+ Kh8 34. e6 Qd4+ 35. Kh2 Qd6 36. Qf6+ Kg8 37. Qf7+ Kh8 38. e7 Qh6+ 39. Kg1 1-0

[Event "Early-Titled-Tuesday-Blitz-September-05-2023"]
[Site "Chess.com"]
[Date "2023.09.05"]
[Round "1"]
[White "GaalZsoka"]
[Black "XDPS"]
[Result "0-1"]
[WhiteElo "2473"]
[BlackElo "2859"]
[TimeControl "180+1"]
[EndTime "8:05:57 PDT"]
[Termination "XDPS won by resignation"]

1. Nf3 d5 2. g3 e6 3. Bg2 Nf6 4.
O-O Be7 5. b3 O-O 6. Bb2 c5 7.
e3 Nc6 8. c4 d4 9. exd4 cxd4 10.
Re1 Bc5 11. d3 Nd7 12. Na3 e5 13. Nc2 a5 14. a3 Re8 15. Qd2 Qb6 16. Rab1 h6 17. Ba1 Qd8 18. b4 axb4 19. axb4 Bd6 20.
c5 Bf8 21. b5 Ncb8 22. c6 bxc6 23. bxc6 Nxc6 24. Nfxd4 exd4 25. Rxe8 Qxe8 26. Bxc6 Ra6 27. Nxd4 Qe5 28. Bg2 Rxa1 29. Rxa1 Qxd4 30. Qc2 Qxa1+ 0-1